Map: Central Protocol

Players

Grumm

  • Race: Protoss Protoss
  • League: Gold

A.I. 1 (Very Hard) - Winner!

  • Race: Zerg Zerg

VOD

Have the link to the VOD?

Description

Time

  • Played on: Jan. 24, 2016, 11:10 p.m.
  • Length: 16:09
Show
View Real Time Build Order
Export as new Build Order

Grumm Protoss 

Build Orders: Nexus First 

Get SALT Encoding   

  12  0:01  Probe (Chrono Boost)  
  13  0:13  Probe (Chrono Boost)  
  14  0:21  Pylon  
  14  0:23  Probe (Chrono Boost)  
  15  0:39  Probe (Chrono Boost)  
  16  0:57  Nexus  
  16  1:00  Probe (Chrono Boost)  
  17  1:11  Probe (Chrono Boost)  
  18  1:16  Gateway  
  18  1:24  Forge  
  18  1:38  Gateway  
  18  1:43  Pylon  
  19  1:47  Probe (Chrono Boost)  
  19  1:56  Assimilator  
  19  1:58  Assimilator  
  19  2:07  Photon Cannon  
  19  2:15  Cybernetics Core  
  19  2:18  Probe (Chrono Boost)  
  19  2:19  Probe (Chrono Boost)  
  21  2:30  Probe (Chrono Boost)  
  22  2:39  Probe (Chrono Boost)  
  22  2:41  Probe (Chrono Boost)  
  24  2:45  Assimilator  
  24  2:50  Probe (Chrono Boost)  
  26  2:51  Probe (Chrono Boost)  
  26  2:56  Assimilator  
  26  2:59  Adept  
  26  3:00  Stalker  
  26  3:04  Warp Gate (Chrono Boost)  
  30  3:06  Probe (Chrono Boost)  
  30  3:07  Protoss Ground Weapons Level 1  
  31  3:14  Probe (Chrono Boost)  
  31  3:16  Probe (Chrono Boost)  
  33  3:25  Probe  
  34  3:28  Probe  
  35  3:37  Probe  
  35  3:40  Probe  
  37  3:45  Sentry  
  37  3:47  Zealot  
  41  3:49  Probe  
  41  3:52  Probe  
  43  4:01  Probe  
  44  4:09  Pylon  
  44  4:10  Probe  
  44  4:13  Probe  
  46  4:25  Robotics Facility  
  46  4:27  Probe x2  
  46  4:29  Pylon  
  48  4:39  Probe x2  
  48  4:42  Photon Cannon  
  50  4:47  Pylon  
  50  4:51  Probe (Chrono Boost)  
  52  4:53  Probe (Chrono Boost)  
  52  5:02  Mothership Core (Chrono Boost)  
  52  5:05  Pylon, Probe (Chrono Boost)  
  55  5:10  Gateway  
  54  5:15  Stargate  
  54  5:19  Stalker x2  
  58  5:26  Immortal  
  62  5:36  Robotics Bay  
  62  5:42  Probe (Chrono Boost)  
  64  5:43  Probe (Chrono Boost)  
  64  5:45  Pylon  
  64  5:49  Stalker  
  66  5:50  Stalker  
  68  5:59  Gateway  
  68  6:04  Gateway  
  68  6:05  Gateway  
  68  6:07  Pylon  
  68  6:11  Observer  
  69  6:14  Stalker  
  69  6:17  Zealot  
  73  6:20  Void Ray  
  77  6:28  Observer Gravitic Boosters  
  77  6:34  Pylon  
  77  6:37  Gateway  
  77  6:48  Stalker x2  
  77  6:49  Stalker  
  83  6:55  Probe (Chrono Boost)  
  83  6:56  Probe (Chrono Boost)  
  83  6:59  Pylon  
  85  7:03  Photon Cannon  
  85  7:04  Stalker  
  85  7:05  Stalker  
  89  7:10  Protoss Ground Armor Level 1  
  89  7:25  Nexus  
  89  7:28  Forge  
  89  7:31  Extended Thermal Lance  
  89  7:39  Forge  
  89  7:42  Gateway  
  89  7:44  Pylon  
  89  7:45  Probe (Chrono Boost)  
  89  7:47  Probe (Chrono Boost)  
  91  7:51  Assimilator  
  91  7:56  Pylon  
  91  8:02  Pylon  
  91  8:05  Assimilator  
  91  8:08  Probe (Chrono Boost)  
  91  8:10  Probe (Chrono Boost)  
  93  8:15  Protoss Shields Level 1  
  93  8:21  Twilight Council  
  93  8:22  Pylon, Immortal  
  97  8:28  Void Ray  
  97  8:33  Protoss Air Weapons Level 1  
  101  8:48  Gateway  
  101  8:51  Protoss Ground Armor Level 2, Cybernetics Core  
  101  8:57  Gateway  
  101  8:58  Photon Cannon  
  101  9:00  Probe (Chrono Boost)  
  101  9:01  Probe (Chrono Boost)  
  101  9:02  Probe (Chrono Boost)  
  104  9:06  Protoss Ground Weapons Level 2  
  104  9:26  Robotics Facility  
  104  9:28  Pylon  
  104  9:33  Stalker x4  
  104  9:34  Stalker  
  84  9:55  Blink  
  78  10:00  Stalker x4  
  78  10:02  Stalker x3  
  82  10:08  Gateway  
  82  10:32  Zealot x3  
  82  10:33  Zealot x2  
  82  10:34  Stalker x2  
  90  10:49  Stalker  
  86  10:54  Stalker  
  86  10:55  Stalker, Zealot  
  86  10:56  Zealot x2  
  88  10:57  Stalker x2  
  84  11:10  Protoss Ground Weapons Level 3  
  82  11:17  Probe (Chrono Boost)  
  83  11:21  Pylon  
  83  11:25  Pylon  
  83  11:29  Protoss Shields Level 2  
  83  11:31  Protoss Ground Armor Level 3  
  83  11:50  Immortal  
  83  11:53  Nexus  
  83  11:54  Pylon  
  87  12:02  Pylon  
  87  12:04  Pylon  
  87  12:06  Pylon  
  87  12:09  Pylon  
  87  12:12  Gateway  
  87  12:15  Gateway  
  87  12:17  Photon Cannon  
  87  12:19  Gateway  
  87  12:25  Gateway  
  87  12:27  Photon Cannon  
  87  12:34  Gateway  
  87  12:37  Stargate  
  87  12:39  Stargate  
  87  12:41  Photon Cannon  
  87  12:43  Photon Cannon  
  87  12:48  Assimilator  
  87  12:54  Protoss Air Armor Level 1  
  87  12:59  Colossus  
  93  13:15  Photon Cannon  
  93  13:27  Assimilator  
  93  13:37  Fleet Beacon  
  81  14:04  Stalker x2  
  81  14:05  Stalker x5  
  81  14:06  Stalker  
  81  14:07  Zealot x3  
  81  14:08  Zealot  
  83  14:19  Mothership Core (Chrono Boost)  
  83  14:20  Colossus  
  71  14:45  Stalker x6  
  79  14:46  Stalker x3  
  62  15:05  Stalker  
  63  15:11  Stalker x2  
  63  15:12  Stalker x2  
  63  15:14  Stalker  
  72  15:24  Zealot x2  
  76  15:42  Stalker  
  76  15:43  Stalker  
Show
View Real Time Build Order
Export as new Build Order

A.I. 1 (Very Hard) Zerg - Winner!

Build Orders: Hatch First 

Get SALT Encoding   

  12  0:00  Drone  
  13  0:12  Overlord  
  13  0:16  Drone  
  14  0:30  Drone  
  14  0:31  Drone  
  14  0:34  Drone  
  17  0:56  Drone, Hatchery  
  17  1:14  Spawning Pool  
  17  1:16  Extractor  
  17  1:17  Drone  
  16  1:21  Drone  
  16  1:25  Drone  
  18  1:29  Drone  
  19  1:38  Overlord  
  19  1:49  Drone  
  20  2:01  Queen  
  20  2:03  Zergling x2  
  20  2:08  Drone  
  24  2:16  Queen  
  26  2:24  Drone  
  27  2:35  Roach Warren  
  26  2:38  Drone, Extractor  
  26  2:42  Drone  
  27  2:48  Overlord  
  27  2:52  Drone  
  27  2:55  Drone  
  27  2:58  Drone  
  30  3:01  Drone  
  30  3:04  Drone  
  32  3:07  Zergling x2  
  32  3:11  Zergling x2  
  34  3:15  Roach  
  34  3:19  Roach  
  38  3:23  Roach  
  40  3:27  Roach  
  40  3:29  Drone  
  40  3:32  Drone  
  44  3:37  Overlord  
  44  3:44  Lair  
  44  3:55  Drone x3  
  44  3:58  Overlord  
  44  4:01  Drone  
  44  4:02  Drone  
  49  4:06  Drone  
  49  4:07  Drone  
  49  4:09  Drone  
  52  4:16  Drone, Zergling x4  
  55  4:18  Zergling x2  
  55  4:21  Overlord  
  56  4:28  Roach  
  58  4:31  Roach  
  58  4:34  Overlord  
  60  4:40  Drone x2  
  62  4:46  Drone, Hydralisk Den  
  62  5:01  Overlord  
  62  5:06  Evolution Chamber, Drone  
  62  5:10  Drone  
  62  5:11  Evolution Chamber  
  62  5:12  Drone  
  62  5:13  Drone  
  64  5:14  Lurker Den  
  64  5:16  Hydralisk x4, Roach  
  64  5:19  Roach  
  76  5:22  Overlord  
  76  5:24  Drone  
  76  5:25  Drone  
  76  5:27  Drone  
  79  5:30  Drone  
  79  5:31  Drone  
  81  5:36  Infestation Pit  
  81  5:38  Drone  
  81  5:41  Overlord  
  81  5:49  Extractor  
  83  5:50  Drone, Roach  
  83  5:51  Drone, Extractor  
  83  6:07  Hatchery  
  83  6:11  Spire  
  81  6:12  Drone x4  
  81  6:14  Overlord  
  81  6:16  Drone  
  87  6:18  Drone  
  87  6:20  Drone  
  87  6:21  Infestor  
  90  6:42  Evolution Chamber  
  90  6:44  Infestor  
  90  6:46  Spine Crawler  
  90  6:47  Drone  
  90  6:51  Spine Crawler  
  90  6:52  Drone, Ravager  
  92  6:54  Overlord, Roach  
  94  7:02  Ravager  
  94  7:04  Roach  
  97  7:18  Metabolic Boost  
  97  7:19  Drone x2, Overseer, Queen  
  97  7:20  Drone x4  
  97  7:21  Drone x3, Overlord  
  97  7:22  Drone x3  
  111  7:28  Zerg Melee Weapons Level 1  
  111  7:30  Drone  
  111  7:31  Drone  
  111  7:32  Drone, Extractor  
  111  7:36  Mutalisk  
  114  7:37  Drone x2, Spore Crawler  
  114  7:40  Overlord  
  114  7:42  Mutalisk  
  114  7:43  Drone  
  120  7:51  Drone, Extractor  
  120  7:54  Drone x3, Spore Crawler, Mutalisk  
  120  7:55  Drone  
  124  8:01  Overlord  
  124  8:04  Drone  
  124  8:05  Zerg Missile Weapons Level 1  
  125  8:06  Drone  
  125  8:08  Mutalisk  
  125  8:09  Drone x2  
  131  8:12  Drone  
  131  8:15  Mutalisk  
  131  8:19  Mutalisk  
  133  8:23  Overlord  
  133  8:26  Mutalisk  
  137  8:34  Zergling x6  
  137  8:36  Zerg Ground Armor Level 1  
  137  8:39  Spine Crawler  
  139  8:42  Overlord, Mutalisk  
  139  8:48  Mutalisk  
  143  8:54  Mutalisk  
  145  8:56  Roach  
  145  8:59  Queen  
  145  9:01  Overlord  
  149  9:05  Infestor  
  149  9:06  Hatchery  
  149  9:09  Roach  
  152  9:12  Zergling x4, Roach  
  155  9:17  Spine Crawler, Infestor  
  155  9:19  Overlord  
  156  9:26  Spine Crawler  
  156  9:29  Spore Crawler  
  154  9:31  Spine Crawler  
  154  9:32  Drone, Hive  
  154  9:33  Spine Crawler  
  154  9:34  Drone  
  154  9:35  Spine Crawler  
  154  9:36  Drone, Zergling x2  
  154  9:37  Zergling x2  
  154  9:38  Zergling x4  
  148  9:39  Zergling x2  
  148  9:41  Zergling x2  
  148  9:43  Zergling x4, Hydralisk  
  140  9:46  Hydralisk  
  140  9:49  Hydralisk  
  140  9:51  Roach  
  130  9:53  Roach  
  130  9:55  Roach  
  130  9:56  Roach  
  130  9:58  Roach  
  130  9:59  Roach  
  128  10:01  Roach  
  128  10:07  Mutalisk  
  128  10:12  Spore Crawler, Mutalisk  
  128  10:13  Spore Crawler  
  130  10:19  Drone x2, Mutalisk  
  130  10:20  Drone x4  
  130  10:21  Drone  
  137  10:26  Mutalisk, Extractor  
  137  10:27  Drone  
  136  10:30  Drone, Extractor  
  136  10:32  Zergling x2, Mutalisk  
  136  10:33  Zergling x2  
  136  10:34  Zergling x2, Roach  
  136  10:35  Zergling x2  
  137  10:36  Zergling x2, Roach  
  137  10:37  Zergling x4  
  137  10:38  Zergling x4  
  137  10:39  Zergling x2  
  137  10:41  Mutalisk  
  137  10:42  Viper  
  141  10:47  Mutalisk  
  140  10:50  Roach  
  140  10:56  Ravager, Hydralisk  
  137  10:58  Roach  
  137  10:59  Roach  
  137  11:00  Roach  
  137  11:01  Roach  
  135  11:06  Roach  
  135  11:07  Hydralisk  
  135  11:08  Hydralisk  
  133  11:16  Infestor, Overseer  
  135  11:22  Infestor  
  135  11:24  Roach  
  139  11:26  Roach  
  139  11:29  Ravager  
  139  11:30  Roach  
  144  11:34  Mutalisk  
  144  11:38  Mutalisk  
  144  11:39  Spore Crawler  
  147  11:42  Drone  
  147  11:43  Mutalisk  
  147  11:45  Roach  
  152  11:47  Hydralisk  
  154  11:54  Infestor, Overlord  
  154  11:55  Drone, Spine Crawler  
  156  12:01  Infestor  
  158  12:10  Viper  
  161  12:17  Overseer  
  161  12:20  Overseer  
  161  12:22  Spine Crawler  
  160  12:23  Drone, Spore Crawler  
  160  12:24  Drone, Pneumatized Carapace  
  160  12:26  Spine Crawler, Hatchery  
  160  12:27  Drone x2  
  160  12:29  Spore Crawler  
  160  12:30  Drone  
  160  12:31  Spine Crawler, Zerg Melee Weapons Level 2  
  160  12:32  Drone  
  160  12:33  Spine Crawler  
  160  12:34  Drone  
  160  12:35  Spine Crawler, Hydralisk, Overlord  
  160  12:36  Drone  
  163  12:37  Hydralisk  
  163  12:39  Hydralisk  
  163  12:42  Hydralisk  
  169  12:51  Roach  
  171  12:52  Roach  
  171  12:54  Hydralisk, Overlord  
  171  12:56  Hydralisk  
  177  13:01  Lurker  
  177  13:03  Hydralisk  
  180  13:08  Lurker  
  180  13:11  Hydralisk  
  180  13:12  Spore Crawler, Muscular Augments  
  182  13:13  Drone  
  182  13:15  Drone, Spore Crawler  
  182  13:17  Spore Crawler  
  182  13:18  Drone  
  183  13:30  Spine Crawler  
  183  13:31  Drone  
  183  13:36  Roach x3  
  183  13:38  Queen  
  191  13:45  Zergling x2  
  191  13:46  Roach x3  
  191  13:48  Zergling x2  
  197  13:51  Extractor  
  197  13:53  Drone, Zergling x2  
  195  13:57  Infestor  
  195  13:58  Drone, Hatchery, Extractor  
  195  13:59  Drone  
  195  14:00  Zergling x2  
  190  14:05  Spore Crawler  
  190  14:06  Drone, Ravager  
  190  14:11  Zergling x4  
  190  14:12  Zergling x4  
  190  14:13  Zergling x2  
  190  14:14  Zergling x2  
  189  14:22  Corruptor x3  
  185  14:30  Spore Crawler  
  182  14:32  Drone  
  183  14:38  Corruptor  
  183  14:48  Zergling x4  
  183  14:50  Zergling x2, Hydralisk  
  183  14:51  Zergling x2  
  184  14:54  Zergling x2  
  184  14:55  Spore Crawler  
  184  14:56  Drone  
  182  15:11  Queen  
  184  15:24  Roach  
  184  15:25  Roach  
  184  15:27  Extractor  
  184  15:28  Drone, Hatchery  
  186  15:29  Drone, Spore Crawler  
  186  15:30  Drone  
  186  15:31  Spine Crawler  
  186  15:32  Drone  
  186  15:34  Drone, Spore Crawler  
  186  15:35  Zergling x2  
  188  15:37  Zergling x4  
  188  15:38  Zergling x2  
  188  15:41  Roach  
  188  15:42  Hydralisk  
  184  15:43  Zergling x4  
  184  15:45  Zergling x2  
  184  15:49  Spine Crawler  
  184  15:50  Drone  
  184  15:51  Spine Crawler  
  184  15:52  Drone  
  184  15:53  Ravager, Spine Crawler  
  184  15:56  Drone  
  184  15:59  Spore Crawler  
Tags
 
Add a new tag
Caveats
  • Supply blocks, unpowered buildings, or Contaminate may cause inaccurate times.
  • Supply counts are checked every 10 seconds.